 Dungeon Crawl Stone Soup version 0.28.0-45-g0d030f2227 (webtiles) character file.

Game seed: 6896027328390894563

21 DearestLeader the Chopper (level 2, -6/29 HPs)
             Began as a Gnoll Chaos Knight on Apr 20, 2022.
             Was a Plaything of Xom.
             Mangled by a worm (15 damage)
             ... on level 2 of the Dungeon.
             The game lasted 00:00:49 (848 turns).

DearestLeader the Chopper (Gnoll Chaos Knight)       Turns: 848, Time: 00:00:50

Health: -6/29      AC:  6    Str: 11    XL:     2   Next: 87%
Magic:  2/2        EV: 12    Int: 11    God:    Xom [.*....]
Gold:   49         SH:  0    Dex: 11    Spells: 2/2 levels left

rFire   . . .      SeeInvis .   a - +0 hand axe (chaos)
rCold   . . .      Faith    .   (no shield)
rNeg    . . .      Spirit   .   b - +2 leather armour
rPois   .          Reflect  .   (no helmet)
rElec   .          Harm     .   (no cloak)
rCorr   .          Rampage  .   (no gloves)
Will    .....                   e - +0 pair of boots
Stlth   +.........              (no amulet)
HPRegen 0.09/turn               (no ring)
MPRegen 0.08/turn               (no ring)

@: no status effects
A: fangs 1, strong nose, distributed training
a: Renounce Religion


You were on level 2 of the Dungeon.
You worshipped Xom.
You were a plaything of Xom.
You visited 1 branch of the dungeon, and saw 2 of its levels.

You collected 49 gold pieces.

Inventory:

Hand Weapons
 a - a +0 hand axe of chaos (weapon)
Missiles
 h - 2 throwing nets (quivered)
Armour
 b - a +2 leather armour (worn)
 e - a +0 pair of boots (worn)
Scrolls
 c - a scroll of noise {unknown}
 f - a scroll of fog {unknown}
Potions
 d - a potion of flight {unknown}
 g - a potion of brilliance {unknown}


   Skills:
 + Level 6.5 Fighting
 + Level 0.5 Short Blades
 + Level 0.5 Long Blades
 + Level 6.5 Axes
 + Level 0.5 Maces & Flails
 + Level 0.5 Polearms
 + Level 0.5 Staves
 + Level 0.5 Slings
 + Level 0.5 Bows
 + Level 0.5 Crossbows
 + Level 0.5 Throwing
 + Level 4.5 Armour
 + Level 2.5 Dodging
 + Level 0.5 Stealth
 + Level 0.5 Shields
 + Level 0.5 Unarmed Combat
 + Level 0.5 Spellcasting
 + Level 0.4 Conjurations
 + Level 0.4 Hexes
 + Level 0.4 Summonings
 + Level 0.4 Necromancy
 + Level 0.4 Translocations
 + Level 0.4 Transmutations
 + Level 0.4 Fire Magic
 + Level 0.4 Ice Magic
 + Level 0.4 Air Magic
 + Level 0.4 Earth Magic
 + Level 0.4 Poison Magic
 + Level 0.7 Invocations
 + Level 0.5 Evocations


You had 2 spell levels left.
You didn't know any spells.
Your spell library contained the following spells:

 Spells                   Type           Power      Damage    Failure   Level
 Shock                    Conj/Air       4%         1d3       36%         1
 Swiftness                Air            1%         N/A       73%         3
 Airstrike                Air            0%         N/A       98%         4


Dungeon Overview and Level Annotations

Branches:
Dungeon (2/15)

Altars:


Innate Abilities, Weirdness & Mutations

You have very sharp teeth.
Your uncanny sense of smell can sniff out nearby items.
Your experience applies equally to all skills.


Message History

(D) Dungeon
Where to? (Enter - D:1 @ (x,y), ? - help)
What level of the Dungeon? (default 1, ? - help)
Okay, then.
There is a fountain of clear blue water here.
You see here a +0 club.
You see here a +0 hand axe.
You see here a +0 hand axe.
Partly explored, can't reach some places.
Partly explored, can't reach some places.
(D) Dungeon
Where to? (Enter - D:1 @ (x,y), ? - help)
What level of the Dungeon? (default 1, ? - help)
There is a stone staircase leading down here.
You climb downwards.
Found a stone staircase leading down.
There is a stone staircase leading up here.
No target in view!
A ball python and a worm come into view.
You slash the ball python! You burn the ball python.
You kill the ball python!
You see here a ball python corpse.
You hit the worm but do no damage. You bite the worm, but do no damage.
The worm misses you.
You hit the worm but do no damage. You hit the worm but do no damage.
The worm closely misses you.
You hit the worm.
The worm goes berserk!
Xom thinks this is hilarious!
The worm is moderately wounded.
You slash the worm!
The worm flickers and vanishes!
Deactivating autopickup; reactivate with Ctrl-A.
Your punch misses something. Something bites you!
No target in view!
No target in view!
You closely miss something. Something bites you!
You hit something.
Nothing appears to happen.
Something bites you but does no damage.
You closely miss something. Your punch misses something. Something bites you!
Ouch! That really hurt!
You die...

#.###.#...#.#
#.#..........
#.#.#.....#.#
#.#.#<....#.#
#.#.#####.#.#
#.#. .#.#
#.#########.#####
#...............#
###########.###@#
#.# #{# #.# #.#
#.# #.# #.# #.#
#.# #.# #.# #.#
#.# #.#


There were no monsters in sight!

Vanquished Creatures
  2 ball pythons
  3 giant cockroaches (D:1)
  5 goblins (D:1)
  4 hobgoblins (D:1)
  A kobold (D:1)
  2 rats (D:1)
17 creatures vanquished.

Vanquished Creatures (others)
  2 fungi (D:1)
  4 plants (D:1)
6 creatures vanquished.

Grand Total: 23 creatures vanquished

Notes
Turn   | Place    | Note
-------+----------+-------------------------------------------
     0 | D:1      | DearestLeader the Gnoll Chaos Knight began the quest for
                  | the Orb.
     0 | D:1      | Reached XP level 1. HP: 23/23 MP: 1/1
   241 | D:1      | Reached XP level 2. HP: 29/29 MP: 2/2
   329 | D:1      | XOM: silly message
   389 | D:1      | Found a faded altar of an unknown god.
   848 | D:2      | Mangled by a worm

Illustrated notes

Levels and vault maps discovered:
D:1:      dpeg_arrival_rooms_a, layout_loops_ring, shapermc_ecumenical_altar_gd
D:2:      layout_basic, uniq_terence, uniq_natasha

Action                   || total
-------------------------++-------
Melee: Hand axe          ||    48
       Bite              ||     5
 Stab: Petrified         ||     3
Armor: Leather armour    ||    11
Dodge: Dodged            ||    21
